 Dungeon Crawl Stone Soup version 0.18.1-47-g9310371 (webtiles) character file.

161 dvd the Skirmisher (level 5, -5/42 HPs)
             Began as a Formicid Abyssal Knight on June 15, 2016.
             Was a Priest of Lugonu.
             Slain by a gnoll
             ... wielding a +0 flail
              (9 damage)
             ... on level 2 of the Dungeon.
             The game lasted 00:06:22 (3094 turns).

dvd the Skirmisher (Formicid Abyssal Knight)        Turns: 3094, Time: 00:06:23

Health: -5/42      AC:  5    Str: 16    XL:     5   Next: 70%
Magic:  6/6        EV: 11    Int: 12    God:    Lugonu [***...]
Gold:   174        SH:  0    Dex: 11    Spells: 0 memorised, 4 levels left

rFire  . . .     SeeInvis +     a - +1 hand axe
rCold  . . .     Gourm    .     h - +0 ring mail
rNeg   . . .     Faith    .     (no shield)
rPois  .         Spirit   .     (helmet unavailable)
rElec  .         Dismiss  .     (no cloak)
rCorr  .         Reflect  .     (no gloves)
SustAt +         Harm     .     (no boots)
MR     .....                    (no amulet)
Stlth  +.........               (no ring)
                                w - ring of sustain attributes (curse)

@: not resistant to hostile enchantments, very unstealthy
A: permanent stasis, dig shafts and tunnels, four strong arms, antennae 3
a: Dig, Shaft Self, Depart the Abyss, Bend Space, Banish, Renounce Religion


You were on level 2 of the Dungeon.
You worshipped Lugonu.
Lugonu was most pleased with you.
You were hungry.

You visited 1 branch of the dungeon, and saw 3 of its levels.
You visited the Abyss 1 time.

You collected 174 gold pieces.

Inventory:

Hand Weapons
 a - a +1 hand axe (weapon)
Armour
 b - a +0 leather armour
 h - a +0 ring mail (worn)
Jewellery
 w - a cursed ring of sustain attributes (left hand)
Scrolls
 e - 2 scrolls of magic mapping {unknown}
 f - a scroll of enchant armour {unknown}
 k - a scroll of enchant weapon {unknown}
 l - a scroll of fog {unknown}
 m - a scroll of recharging {unknown}
 o - a scroll of blinking {unknown}
 q - a scroll of random uselessness {unknown}
 r - 3 scrolls of identify {unknown}
 t - a scroll of remove curse {unknown}
 u - a scroll of noise {unknown}
Potions
 d - a potion of heal wounds {unknown}
 g - a potion of curing {unknown}
 i - a potion of cancellation {unknown}
 p - a potion of brilliance {unknown}
 v - a potion of haste {unknown}
 x - a potion of cure mutation {unknown}
Comestibles
 c - a bread ration
 j - a meat ration
 n - 3 slices of pizza
 s - 2 chunks of flesh


   Skills:
 + Level 4.1 Fighting
 + Level 3.0 Axes
 + Level 3.7 Armour
 + Level 2.2 Dodging
 + Level 0.6 Stealth
 + Level 2.2 Invocations


You had 4 spell levels left.
You didn't know any spells.

Dungeon Overview and Level Annotations

Branches:
Dungeon (3/15)

Altars:
Dithmenos
Okawaru


Innate Abilities, Weirdness & Mutations

You are under a permanent stasis effect.
You can dig through walls and to a lower floor.
Your four strong arms can wield two-handed weapons with a shield.
You have a pair of large antennae on your head (SInv).


Message History

There is a stone staircase leading down here.
Unknown command.
You hit the gnoll.
The gnoll is almost dead.
The gnoll hits you with a flail.
* * * LOW HITPOINT WARNING * * *
You closely miss the gnoll.
The gnoll is almost dead.
The gnoll closely misses you.
You barely miss the gnoll.
The gnoll is almost dead.
The gnoll closely misses you.
You barely miss the gnoll.
The gnoll is almost dead.
The gnoll hits you with a flail.
* * * LOW HITPOINT WARNING * * *
You closely miss the gnoll.
The gnoll is almost dead.
The gnoll hits you with a flail!
You die...

#.###### #......#
#.####.# #.# #.#
#.# #.#
####.####.#
..##.#....#
...#.#.###########
.#.#...........g@#
.._..#.###.#######
.#.#.........#
.............#
..#..........#
###..........#
..#..........#
..#.......>..#
..#..........#


You could see a gnoll.

Vanquished Creatures
  An orc wizard (D:3)
  4 adders (D:2)
  2 worms (D:2)
  3 giant geckos
  3 orcs (D:3)
  7 bats
  A giant cockroach (D:1)
  8 goblins
  8 hobgoblins
  8 jackals
  3 giant newts
  9 kobolds
  37 rats
94 creatures vanquished.

Notes
Turn   | Place    | Note
--------------------------------------------------------------
     0 | Abyss:1  | dvd the Formicid Abyssal Knight began the quest for the Orb.
     0 | Abyss:1  | Reached XP level 1. HP: 18/18 MP: 2/2
    73 | Abyss:1  | Noticed a small abomination
    75 | D:1      | Escaped the Abyss
   241 | D:1      | Reached * piety under Lugonu
   303 | D:1      | Reached skill level 1 in Dodging
   303 | D:1      | Reached XP level 2. HP: 21/24 MP: 3/3
   818 | D:1      | Reached XP level 3. HP: 30/30 MP: 4/4
  1569 | D:2      | Reached XP level 4. HP: 35/37 MP: 5/5
  1636 | D:2      | Found an iron altar of Okawaru.
  1656 | D:2      | Reached skill level 4 in Fighting
  1669 | D:2      | Reached ** piety under Lugonu
  2096 | D:2      | Found a shadowy altar of Dithmenos.
  2240 | D:2      | Reached XP level 5. HP: 40/42 MP: 6/6
  2287 | D:2      | Reached *** piety under Lugonu
  3094 | D:2      | Slain by a gnoll

Skill      XL: |  1  2  3  4  5 |
---------------+----------------+-----
Dodging        | 1 2 |  2.2
Fighting       | 4 |  4.1
Armour         | 3 |  3.7
Axes           | 3 |  3.0
Stealth        | |  0.6
Invocations    | |  2.2

Action                   |  1- 3 |  4- 6 || total
-------------------------+-------+-------++-------
Melee: Hand axe          |   103 |   195 ||   298
Invok: Depart the Abyss  |     1 |       ||     1
  Eat: Chunk             |     2 |     5 ||     7
Armor: Ring mail         |    56 |    63 ||   119
       Leather armour    |     1 |       ||     1
Dodge: Dodged            |    66 |   113 ||   179
